 Dungeon Crawl Stone Soup version 0.27.1 (webtiles) character file.

Game seed: 17018971443428679022

63 Erymatos the Chopper (level 3, -1/49 HPs)
             Began as a Minotaur Berserker on Sept 3, 2021.
             Was a Believer of Trog.
             Slain by an orc priest (7 damage)
             ... on level 2 of the Dungeon.
             The game lasted 00:01:28 (2048 turns).

Erymatos the Chopper (Minotaur Berserker)           Turns: 2048, Time: 00:01:29

Health: -1/49      AC:  2    Str: 22    XL:     3   Next: 87%
Magic:  2/2        EV: 12    Int:  4    God:    Trog [**....]
Gold:   38         SH:  0    Dex:  9    Spells: 2/2 levels left

rFire    . . .     SeeInvis .   a - +0 hand axe
rCold    . . .     Faith    .   (no shield)
rNeg     . . .     Spirit   .   b - +0 animal skin
rPois    .         Reflect  .   (helmet restricted)
rElec    .         Harm     .   (no cloak)
rCorr    .         Rampage  .   (no gloves)
Will     .....                  (no boots)
Stlth    ..........             (no amulet)
HPRegen  0.16/turn              (no ring)
MPRegen  0.08/turn              (no ring)

@: berserking, very quick
A: horns 2, retaliatory headbutt
a: Renounce Religion, Berserk, Trog's Hand


You were on level 2 of the Dungeon.
You worshipped Trog.
Trog was pleased with you.
You visited 1 branch of the dungeon, and saw 2 of its levels.

You collected 38 gold pieces.

Inventory:

Hand Weapons
 a - a +0 hand axe (weapon)
Armour
 b - a +0 animal skin (worn)
Wands
 e - a wand of charming (11)
Scrolls
 c - a scroll of vulnerability {unknown}
 d - 2 scrolls of identify {unknown}
 f - 3 scrolls of magic mapping {unknown}
 i - a scroll of summoning {unknown}
Potions
 g - a potion of berserk rage {unknown}
 h - a potion of curing {unknown}
 j - a potion of mutation {unknown}


   Skills:
 + Level 4.1 Fighting
 + Level 5.1 Axes
 + Level 2.8 Armour
 + Level 2.4 Dodging


You had 2 spell levels left.
You didn't know any spells.
Your spell library was empty.

Dungeon Overview and Level Annotations

Branches:
Dungeon (2/15)

Altars:


Innate Abilities, Weirdness & Mutations

You have a pair of horns on your head.
You reflexively headbutt those who attack you in melee.


Message History

The orc priest shouts!
You slash the orc priest!
The orc priest is heavily wounded.
The orc priest misses you.
An orc priest is nearby!
You hit the orc priest.
The orc priest is severely wounded.
The orc priest hits you with a +0 short sword.
Unknown command.
You hit the orc priest but do no damage.
The orc priest is severely wounded.
The orc priest misses you.
Unknown command.
You closely miss the orc priest.
The orc priest is severely wounded.
The orc priest hits you with a +0 short sword.
You hit the orc priest.
The orc priest is severely wounded.
The orc priest barely misses you.
An orc priest is nearby!
You barely miss the orc priest.
The orc priest is severely wounded.
The orc priest hits you with a +0 short sword.
Unknown command.
You hit the orc priest but do no damage.
The orc priest is severely wounded.
The orc priest barely misses you.
You barely miss the orc priest.
The orc priest is severely wounded.
The orc priest mumbles some strange prayers to Beogh against you.
Pain shoots through your body!
* * * LOW HITPOINT WARNING * * *
A red film seems to cover your vision as you go berserk!
You feel yourself moving faster!
You feel mighty!
The orc priest hits you with a +0 short sword.
* * * LOW HITPOINT WARNING * * *
You barely miss the orc priest.
The orc priest is severely wounded.
The orc priest hits you with a +0 short sword!
You die...

#.######.#
....>....#
.........####
.......†......
.........#####
.........#
....)....#
###.###+###########
# #...#.#.....#.@.#
###.....#.###.#.#o#
#..........##.#.#.#
#.#........##.#.#.#
#.#.)..###.##.#)#.#
#.#.#..###.##.#.#.#
#.#.#......##.#.#.#
#.#.#.#######.#.#.#
#.#.#...........#


You could see an orc priest.

Vanquished Creatures
  An adder (D:2)
  3 dart slugs (D:1)
  2 orcs (D:2)
  4 ball pythons (D:1)
  5 endoplasms (D:1)
  A giant cockroach (D:2)
  2 goblins (D:1)
  3 hobgoblins
  4 jackals (D:1)
  3 quokkas (D:1)
  7 bats
  3 frilled lizards
  2 kobolds (D:2)
  A rat (D:1)
41 creatures vanquished.

Notes
Turn   | Place    | Note
-------+----------+-------------------------------------------
     0 | D:1      | Erymatos the Minotaur Berserker began the quest for the
                  | Orb.
     0 | D:1      | Reached XP level 1. HP: 19/19 MP: 0/0
   253 | D:1      | Reached skill level 4 in Axes
   253 | D:1      | Reached XP level 2. HP: 27/27 MP: 1/1
   761 | D:1      | Reached XP level 3. HP: 30/33 MP: 2/2
   845 | D:1      | Found a faded altar of an unknown god.
  1046 | D:1      | Reached ** piety under Trog
  1585 | D:2      | Reached skill level 5 in Axes
  2048 | D:2      | Slain by an orc priest

Illustrated notes

Levels and vault maps discovered:
D:1:      dpeg_arrival_rooms_with_view, layout_loops_corners,
          dreamdust_ecumenical_altar_angels_and_demons, kennysheep_minor_cross,
          chequers_serial_rivers_large_b, grunt_decor_resistance
D:2:      minmay_spotlight, layout_basic

Skill      XL: |  1  2  3 |
---------------+----------+-----
Axes           | 4 5 |  5.1
Fighting       | 4 |  4.1
Armour         | |  2.8
Dodging        | |  2.4

Action                   || total
-------------------------++-------
Melee: Hand axe          ||    74
       Headbutt          ||    12
Invok: Berserk           ||     1
 Stab: Sleeping          ||     1
Armor: Animal skin       ||    13
Dodge: Dodged            ||    45
